Map: Oceanborn LE

Players

SKillous - Winner!

  • Race: Protoss Protoss
  • League: Grandmaster
  • Spawn Location: 5:00

ProtossFan (uThermal)

  • Race: Terran Terran
  • League: Grandmaster
  • Spawn Location: 11:00

Event: HomeStory Cup XXV

VOD

Have the link to the VOD?

Description

Time

  • Played on: June 21, 2024, 11:24 a.m.
  • Length: 7:37

All games in this series

Show
View Real Time Build Order
Export as new Build Order

SKillous Protoss - Winner!

Build Orders: 1 Gate Expand 

Get SALT Encoding   

  12  0:00  Probe  
  13  0:12  Probe  
  14  0:17  Pylon  
  14  0:24  Probe (Chrono Boost)  
  15  0:36  Gateway, Probe (Chrono Boost)  
  16  0:44  Probe (Chrono Boost)  
  16  0:46  Assimilator  
  17  0:51  Probe  
  18  1:03  Probe  
  19  1:15  Probe  
  20  1:23  Cybernetics Core  
  20  1:32  Nexus  
  20  1:36  Probe  
  21  1:41  Pylon  
  21  1:46  Assimilator  
  21  1:49  Probe  
  22  1:56  Adept (Chrono Boost)  
  24  2:01  Warp Gate, Probe  
  25  2:13  Probe  
  26  2:17  Adept (Chrono Boost)  
  28  2:25  Probe  
  29  2:32  Robotics Facility  
  29  2:37  Probe  
  29  2:40  Shield Battery  
  29  2:43  Stalker  
  32  2:44  Probe  
  33  2:54  Probe  
  33  2:57  Probe  
  35  3:02  Gateway  
  35  3:06  Probe  
  35  3:12  Probe  
  37  3:13  Stalker  
  37  3:18  Probe  
  40  3:24  Probe  
  41  3:32  Warp Prism (Chrono Boost)  
  43  3:38  Probe (Chrono Boost)  
  43  3:39  Probe (Chrono Boost)  
  44  3:48  Pylon  
  44  3:50  Probe (Chrono Boost)  
  46  3:56  Probe (Chrono Boost)  
  46  4:00  Pylon  
  46  4:04  Observer (Chrono Boost)  
  46  4:06  Probe x2  
  46  4:07  Stalker x2  
  53  4:12  Shield Battery  
  53  4:18  Probe  
  53  4:21  Pylon  
  54  4:24  Gateway, Observer  
  54  4:27  Probe  
  54  4:30  Probe  
  57  4:35  Stalker x2  
  61  4:39  Probe  
  61  4:42  Twilight Council  
  62  4:46  Assimilator  
  60  5:01  Nexus  
  60  5:03  Pylon  
  60  5:05  Forge  
  60  5:07  Probe x2  
  62  5:15  Immortal (Chrono Boost)  
  62  5:19  Probe x2  
  62  5:20  Charge (Chrono Boost)  
  68  5:26  Shield Battery  
  68  5:28  Sentry  
  68  5:29  Sentry  
  68  5:32  Pylon  
  68  5:34  Probe  
  68  5:35  Probe  
  74  5:37  Protoss Ground Weapons Level 1 (Chrono Boost)  
  74  5:46  Probe  
  74  5:47  Probe  
  74  5:48  Immortal (Chrono Boost)  
  76  5:55  Pylon  
  80  5:58  Probe  
  80  6:01  Probe  
  82  6:05  Gateway  
  82  6:06  Zealot  
  82  6:07  Sentry  
  86  6:12  Probe  
  86  6:13  Probe  
  86  6:14  Probe  
  86  6:16  Pylon  
  89  6:21  Pylon, Immortal (Chrono Boost)  
  89  6:24  Probe  
  93  6:26  Probe  
  93  6:28  Probe  
  93  6:32  Zealot  
  98  6:35  Pylon  
  98  6:38  Zealot x2  
  102  6:47  Probe  
  102  6:53  Gateway x2  
  102  6:54  Gateway, Observer  
  102  7:01  Zealot x4  
  111  7:06  Gateway  
  111  7:12  Nexus  
  111  7:19  Probe  
  111  7:21  Probe  
  103  7:27  Zealot x4  
Show
View Real Time Build Order
Export as new Build Order

ProtossFan Terran 

Build Orders: Cyclone Opening 

Get SALT Encoding   

  12  0:00  SCV  
  13  0:12  SCV  
  14  0:17  Supply Depot  
  14  0:24  SCV  
  15  0:38  SCV  
  15  0:39  Barracks  
  16  0:43  Refinery  
  16  0:50  SCV  
  16  0:54  Refinery  
  17  1:02  SCV  
  18  1:14  SCV  
  19  1:26  Orbital Command, Reaper  
  20  1:33  Supply Depot  
  20  1:41  Factory  
  20  1:52  SCV  
  21  1:59  Bunker  
  21  2:04  SCV  
  22  2:16  SCV  
  22  2:20  Barracks Reactor  
  23  2:25  Cyclone  
  23  2:29  SCV  
  26  2:38  Command Center  
  26  2:41  SCV  
  27  2:48  Supply Depot  
  27  2:53  SCV  
  27  2:57  Cyclone  
  30  3:01  Marine  
  31  3:10  SCV, Marine  
  33  3:19  Marine  
  34  3:22  SCV  
  34  3:28  Marine  
  35  3:34  SCV  
  35  3:37  Starport  
  35  3:39  Factory Tech Lab  
  36  3:46  SCV  
  36  3:48  Marine  
  38  3:56  Command Center  
  38  3:58  SCV  
  39  4:03  Siege Tank  
  41  4:10  SCV  
  41  4:11  Orbital Command  
  41  4:15  Starport Tech Lab  
  42  4:19  Barracks  
  42  4:23  SCV  
  43  4:27  Bunker  
  43  4:28  Marine  
  44  4:31  Marine  
  44  4:35  SCV  
  44  4:38  Siege Tank  
  46  4:40  SCV  
  46  4:44  Raven  
  49  4:51  SCV  
  49  4:55  Marine x2  
  49  4:56  SCV  
  52  5:03  Engineering Bay  
  52  5:06  SCV  
  53  5:09  Barracks  
  53  5:10  Siege Tank  
  55  5:15  SCV  
  55  5:17  Orbital Command  
  55  5:21  SCV  
  56  5:27  Marine, Marauder, Stimpack  
  60  5:28  SCV  
  60  5:33  SCV  
  61  5:36  Terran Infantry Weapons Level 1, Marine  
  61  5:40  SCV  
  61  5:41  Refinery  
  63  5:44  Supply Depot  
  63  5:45  SCV, Starport Reactor  
  63  5:47  SCV  
  63  5:48  Marine  
  66  5:53  Factory Reactor  
  66  5:54  SCV  
  66  5:56  Supply Depot, Refinery  
  67  5:59  Marauder  
  69  6:06  SCV x2, Marine x2  
  69  6:08  Combat Shield  
  73  6:12  Marine  
  73  6:16  Orbital Command  
  73  6:17  Supply Depot  
  73  6:18  SCV x2  
  75  6:20  Marauder  
  75  6:24  Marine, Barracks x2  
  79  6:28  Marine  
  79  6:30  SCV  
  79  6:32  SCV  
  82  6:34  Missile Turret  
  82  6:36  Marine  
  83  6:40  Missile Turret  
  83  6:41  Marine  
  83  6:42  SCV, Marine  
  83  6:45  SCV x2  
  83  6:46  Marine  
  89  6:53  Supply Depot, Widow Mine  
  93  6:54  Widow Mine  
  93  7:02  Supply Depot  
  93  7:10  Supply Depot  
  93  7:13  Barracks Tech Lab x2  
  93  7:15  SCV x3, Marine x2, Marauder x2  
Tags
 
Add a new tag
Caveats
  • Supply blocks, unpowered buildings, or Contaminate may cause inaccurate times.
  • Supply counts are checked every 10 seconds.